 Dungeon Crawl Stone Soup version 0.16.1-14-g82efdee (webtiles) character file.

2423 karlm the Firebug (level 9, -6/73 HPs)
             Began as a Naga Wizard on Apr 11, 2015.
             Mangled by a boring beetle (23 damage)
             ... on level 9 of the Dungeon.
             The game lasted 00:32:32 (12763 turns).

karlm the Firebug (Naga Wizard)                    Turns: 12763, Time: 00:32:32

Health: -6/73      AC:  9    Str:  9    XL:     9   Next: 48%
Magic:  15/22      EV: 11    Int: 25    God:
Gold:   252        SH:  0    Dex: 20    Spells: 6 memorised, 7 levels left

rFire  . . .     SeeInvis +     g - +1 dagger (venom)
rCold  . . .     Clarity  .     P - +1 robe {rC+}
rNeg   . . .     SustAb   .     (no shield)
rPois  +         Gourm    .     v - +1 hat
rElec  .         Spirit   .     R - +1 cloak of Priz {rC- Int+3 Dex+10}
rCorr  .         Warding  .     q - +0 pair of gloves
rMut   .         Stasis   .     (no barding)
MR     +....                    (no amulet)
Stlth  +++.......               (no ring)
                                (no ring)

@: very slow, somewhat resistant to hostile enchantments, fairly stealthy
A: spit poison, see invisible, deformed body, poison resistance, slowness 2, AC
+3
a: Spit Poison


You were on level 9 of the Dungeon.
You were not hungry.

You visited 2 branches of the dungeon, and saw 10 of its levels.

You collected 468 gold pieces.
You spent 216 gold pieces at shops.

Inventory:

Hand weapons
 g - a +1 dagger of venom (weapon)
 G - a +0 blowgun
Missiles
 e - 166 stones (quivered)
 z - 49 poisoned needles
 M - 6 tomahawks
 S - 5 needles of paralysis
Armour
 a - a +0 cloak
 q - a +0 pair of gloves (worn)
 v - a +1 hat (worn)
 x - a +0 buckler
 P - a +1 robe of cold resistance (worn)
 R - the +1 cloak of Priz (worn) {rC- Int+3 Dex+10}
   (You found it on level 8 of the Dungeon)

   It affects your intelligence (+3).
   It affects your dexterity (+10).
   It makes you vulnerable to cold.
 T - a +0 steam dragon armour
Magical staves
 L - an uncursed staff of earth
 Q - an uncursed staff of summoning
Jewellery
 H - an uncursed amulet of guardian spirit {unknown}
Magical devices
 u - a wand of flame (15)
Scrolls
 b - 2 scrolls of blinking
 h - 6 scrolls of identify
 j - a scroll of enchant armour
 l - 6 scrolls of teleportation
 m - 3 scrolls of recharging
 r - 4 scrolls of remove curse
 t - a scroll of amnesia {unknown}
 y - a scroll of random uselessness {unknown}
 A - a scroll of fog {unknown}
 B - a scroll of fear
 D - a scroll of enchant weapon {unknown}
 I - 2 scrolls of immolation {unknown}
 J - 2 scrolls of magic mapping
 N - a scroll of acquirement {unknown}
Potions
 i - a potion of restore abilities {unknown}
 o - 2 potions of magic {unknown}
 p - 2 potions of cancellation {unknown}
 w - 5 potions of heal wounds {unknown}
 C - a potion of flight {unknown}
 E - a potion of agility {unknown}
 K - a potion of poison {unknown}
 U - a potion of cure mutation {unknown}
Books
 c - a book of Minor Magic

   Spells                             Type                      Level
   a - Magic Dart                     Conjuration                  1
   b - Blink                          Translocation                2
   c - Call Imp                       Summoning                    2
   d - Repel Missiles                 Charms/Air                   2
   e - Slow                           Hexes                        2
   f - Conjure Flame                  Conjuration/Fire             3
   g - Mephitic Cloud                 Conjuration/Poison/Air       3
Comestibles
 d - 4 bread rations
 f - 3 beef jerkies
 k - 3 slices of pizza
 n - 3 fruits
 s - 6 meat rations
 O - a royal jelly


   Skills:
 + Level 2.2 Fighting
 + Level 2.8 Dodging
 - Level 3.0 Stealth
 + Level 2.1 Shields
 + Level 6.1 Spellcasting
 + Level 5.1 Conjurations
 - Level 4.1 Summonings
 + Level 2.2 Translocations
 * Level 6.4 Fire Magic
 + Level 3.0 Poison Magic


You had 7 spell levels left.
You knew the following spells:

 Your Spells              Type           Power        Failure   Level  Hunger
a - Magic Dart            Conj           ####         1%          1    None
b - Call Imp              Summ           ####....     1%          2    None
c - Conjure Flame         Conj/Fire      #####...     1%          3    None
d - Mephitic Cloud        Conj/Pois/Air  ###.....     10%         3    None
e - Repel Missiles        Chrm/Air       #.....       12%         2    None
f - Blink                 Tloc           N/A          6%          2    None


Dungeon Overview and Level Annotations

Branches:
Dungeon (9/15)             Temple (1/1) D:4
   Lair: D:8-11         Orc: D:9-12

Altars:
Ashenzari
Cheibriados
Dithmenos
Elyvilon
Fedhas
Gozag
Kikubaaqudgha
Makhleb
Nemelex Xobeh
Okawaru
Qazlal
Ru
Sif Muna
Trog
Xom
Yredelemnul
Zin
The Shining One
Lugonu

Shops:
D:6 ?

Annotations:
D:3 EmilioHeskey's ghost, average TeFi
D:7 Pikel
D:9 Erolcha


Innate Abilities, Weirdness & Mutations

You cannot wear boots.
You can spit poison.
Your serpentine skin is tough (AC +3).
You have supernaturally acute eyesight.
Armour fits poorly on your strangely shaped body.
Your system is resistant to poisons.
You cover ground very slowly.


Message History

Your crimson imp blinks!
Your crimson imp hits the boring beetle.
The boring beetle misses your crimson imp.
What do you say? t - Shout!
Orders for allies: a - Attack new target. p - Attack previous target. r - Retreat! s - Stop attacking. w - Wait here. f - Follow me.
Anything else - Stay silent.
Gang up on whom?
Press: ? - help, Dir - move target cursor, f/p - boring beetle
Aim: a boring beetle (lightly wounded) Attack!
Your crimson imp hits the boring beetle.
Your crimson imp blinks!
Your crimson imp hits the boring beetle but does no damage.
Your crimson imp blinks!
Your white imp hits the boring beetle but does no damage.
The boring beetle bites you!!
You die...

.#+#....#.##.#####.#....#+#......
.....#+##.+........'....#.#......
.....'.##+###'###'##....#.'......
.....#5#...........)....'.#.>....
.....#'#................#.#....##
##+#....................#.#....#
#....#'##+####5##....+.+....+
#....+.'.5.5B...#.<..#.#....#
+....#+##.§.§@..'....#.#.....
#..... #'#####+#....+.##+##.
....... ..P# #....#+# ..
............ #....# .#+##...+...
....# #...#.##. .. #.# .# . +.. .
#.#


You could see a boring beetle, 2 friendly crimson imps and a friendly white imp.

Vanquished Creatures
  The ghost of EmilioHeskey the Chopper, an experienced HOFi of Beogh (D:6)
  A steam dragon (D:8)
  2 slaves
  2 sky beasts
  2 ogres
  2 centaurs
  2 giant frogs (D:8)
  A scorpion (D:8)
  2 goliath beetles
  A crimson imp (D:5)
  A jelly (D:5)
  An orc wizard (D:5)
  A hound (D:6)
  3 worker ants
  2 hound zombies
  6 adders
  2 gnolls
  A shadow imp (D:6)
  4 worms
  5 giant geckos
  An ooze (D:2)
  4 orcs
  11 bats
  A bat zombie (D:8)
  6 giant cockroaches
  13 goblins
  17 hobgoblins
  5 quokkas
  A giant gecko skeleton (D:5)
  8 giant newts
  A jackal skeleton (D:4)
  9 kobolds
  A quokka skeleton (D:5)
  11 rats
131 creatures vanquished.

Vanquished Creatures (collateral kills)
  Eustachio (D:5)
  A deep elf mage (D:7)
  The ghost of hulla the Changer, an average OpTm (D:4)
  2 ice beasts
  A slave (D:7)
  A necrophage (D:7)
  4 ogres
  2 centaurs
  Sigmund (D:7)
  3 giant frogs
  A crimson imp (D:7)
  4 orc priests
  2 jellies
  A centaur skeleton (D:6)
  3 hounds
  3 orc wizards
  A giant frog skeleton (D:5)
  An iguana (D:4)
  3 worker ants
  A worker ant zombie (D:6)
  4 adders
  A river rat (D:5)
  A gnoll (D:2)
  An adder skeleton (D:9)
  2 giant geckos (D:6)
  11 orcs
  5 bats
  A bat skeleton (D:6)
  A bat zombie (D:7)
  2 hobgoblins (D:8)
  3 kobolds
  An ooze (D:1)
  2 quokkas
  2 giant gecko zombies (D:6)
  A giant newt (D:4)
75 creatures vanquished.

Vanquished Creatures (others)
  9 crimson imps
  An iron imp (D:5)
  6 shadow imps
  18 white imps
  A giant spore (D:9)
35 creatures vanquished.

Grand Total: 241 creatures vanquished

Notes
Turn   | Place    | Note
--------------------------------------------------------------
     0 | D:1      | karlm, the Naga Wizard, began the quest for the Orb.
     0 | D:1      | Reached XP level 1. HP: 15/15 MP: 4/4
   234 | D:1      | Reached XP level 2. HP: 22/22 MP: 6/6
   333 | D:1      | Learned a level 2 spell: Call Imp
  1000 | D:1      | Reached XP level 3. HP: 28/28 MP: 6/8
  1006 | D:1      | Learned a level 3 spell: Conjure Flame
  1225 | D:2      | Found a blossoming altar of Fedhas.
  1735 | D:2      | Reached XP level 4. HP: 27/36 MP: 3/10
  1756 | D:2      | Learned a level 3 spell: Mephitic Cloud
  2205 | D:3      | Reached skill level 1 in Fire Magic
  2847 | D:3      | Noticed EmilioHeskey's ghost (average TeFi)
  2887 | D:2      | Reached XP level 5. HP: 8/42 MP: 2/12
  3683 | D:4      | Found a staircase to the Ecumenical Temple.
  3735 | D:4      | Noticed hulla's ghost (average OpTm)
  3782 | D:4      | Killed hulla's ghost
  3860 | Temple   | Entered the Ecumenical Temple
  3968 | D:4      | Reached XP level 6. HP: 7/49 MP: 3/14
  3976 | D:4      | Noticed an ogre
  3984 | D:4      | Killed an ogre
  3984 | D:4      | Reached skill level 4 in Spellcasting
  4926 | D:5      | Entered Level 5 of the Dungeon
  5368 | D:5      | Noticed Eustachio
  5449 | D:5      | Killed Eustachio
  5449 | D:5      | Reached XP level 7. HP: 38/55 MP: 11/17
  5691 | D:5      | HP: 2/55 [orc priest/hand axe (2)]
  5818 | D:5      | Learned a level 2 spell: Repel Missiles
  6262 | D:5      | Found a burning altar of Makhleb.
  7206 | D:6      | Found Fana's Magic Scroll Emporium.
  7238 | D:6      | Bought a scroll of remove curse for 36 gold pieces
  7238 | D:6      | Bought a scroll of fear for 42 gold pieces
  7238 | D:6      | Bought a scroll of teleportation for 36 gold pieces
  7238 | D:6      | Bought a scroll of teleportation for 36 gold pieces
  7238 | D:6      | Bought a scroll of magic mapping for 42 gold pieces
  7238 | D:6      | Bought a scroll of identify for 24 gold pieces
  7505 | D:6      | Noticed EmilioHeskey's ghost (experienced HOFi)
  7540 | D:6      | Killed EmilioHeskey's ghost
  7540 | D:6      | Reached skill level 5 in Spellcasting
  7540 | D:6      | Reached skill level 5 in Fire Magic
  7540 | D:6      | Reached XP level 8. HP: 42/62 MP: 1/20
  7686 | D:6      | Found a glowing golden altar of the Shining One.
  7778 | D:6      | Found a shadowy altar of Dithmenos.
  7883 | D:6      | Found a bloodstained altar of Trog.
  8659 | D:6      | Found an ancient bone altar of Kikubaaqudgha.
  8663 | D:6      | Learned a level 2 spell: Blink
  8665 | D:6      | Found a snail-covered altar of Cheibriados.
  8666 | D:6      | Found a shattered altar of Ashenzari.
  8830 | D:6      | Found an iron altar of Okawaru.
  8860 | D:6      | Found a sparkling altar of Nemelex Xobeh.
  9586 | D:6      | Reached skill level 1 in Poison Magic
  9645 | D:7      | Got an encrusted ring mail
  9656 | D:7      | Identified the cursed -4 ring mail "Cukko" {+Fly rPois rC+ Str-3} (You found it on level 7 of the Dungeon)
  9772 | D:7      | Noticed Pikel
 10029 | D:7      | Noticed Sigmund
 10173 | D:7      | Reached skill level 1 in Fighting
 10173 | D:7      | Reached skill level 1 in Shields
 10528 | D:7      | Found an iron altar of Okawaru.
 10905 | D:7      | Killed Sigmund
 10905 | D:7      | Reached XP level 9. HP: 63/70 MP: 14/22
 11019 | D:7      | Reached skill level 6 in Fire Magic
 12059 | D:8      | Reached skill level 5 in Conjurations
 12224 | D:8      | Got a dazzling cloak
 12235 | D:8      | Identified the +1 cloak of Priz {rC- Int+3 Dex+10} (You found it on level 8 of the Dungeon)
 12668 | D:9      | Noticed Erolcha
 12763 | D:9      | Mangled by a boring beetle

Action                   |  1- 3 |  4- 6 |  7- 9 || total
-------------------------+-------+-------+-------++-------
Melee: Dagger            |    30 |   112 |   225 ||   367
 Cast: Magic Dart        |    40 |    28 |    60 ||   128
       Call Imp          |     2 |    28 |   200 ||   230
       Conjure Flame     |       |     1 |     2 ||     3
       Repel Missiles    |       |       |     2 ||     2
 Abil: Spit Poison       |    26 |     6 |     6 ||    38
  Use: Scroll            |       |       |     5 ||     5
 Stab: Sleeping          |     1 |     8 |       ||     9
       Distracted        |       |       |     4 ||     4
  Eat: Chunk             |     4 |    12 |    22 ||    38
       Royal jelly       |       |       |     1 ||     1
